 Dungeon Crawl Stone Soup version 0.29.1-15-g9cfb28693d (webtiles) character file.

Game seed: 8848416095160623960

4 Anandil the Sneak (level 1, 0/16 HPs)
             Began as a Demonspawn Brigand on Apr 25, 2023.
             Slain by a dart slug (3 damage)
             ... on level 1 of the Dungeon.
             The game lasted 00:00:31 (35 turns).

Anandil the Sneak (Demonspawn Brigand)                Turns: 35, Time: 00:00:31

Health: 0/16       AC:  3    Str: 11    XL:     1   Next: 58%
Magic:  1/1        EV: 12    Int: 12    God:
Gold:   15         SH:  0    Dex: 14    Spells: 0/0 levels left

rFire   . . .      SeeInvis .   a - +2 dagger
rCold   . . .      Faith    .   (no shield)
rNeg    . . .      Spirit   .   b - +0 robe
rPois   .          Reflect  .   (no helmet)
rElec   .          Harm     .   c - +0 cloak
rCorr   .          Rampage  .   (no gloves)
Will    .....                   (no boots)
Stlth   ++........              (no amulet)
HPRegen 0.05/turn               (no ring)
MPRegen 0.07/turn               (no ring)

@: no status effects
A: no striking features
a: no special abilities


You were on level 1 of the Dungeon.
You visited 1 branch of the dungeon, and saw 1 of its levels.

You collected 15 gold pieces.

Inventory:

Hand Weapons
 a - a +2 dagger (weapon)
Missiles
 d - 6 poisoned darts (quivered)
 e - 3 curare-tipped darts
Armour
 b - a +0 robe (worn)
 c - a +0 cloak (worn)


   Skills:
 + Level 2.2 Fighting
 - Level 1.7 Short Blades
 - Level 1.7 Throwing
 + Level 1.2 Dodging
 - Level 3.6 Stealth


You couldn't memorise any spells.
You didn't know any spells.
Your spell library was empty.

Dungeon Overview and Level Annotations

Branches:
Dungeon (1/15)

Altars:


Message History

The bat is severely wounded.
The bat barely misses you. x2; The bat hits you but does no damage. x2
Unknown command.
You barely miss the bat.
The bat is severely wounded.
The bat barely misses you. The bat hits you but does no damage.
The bat misses you.
Unknown command.
You closely miss the bat.
The bat is moderately wounded.
The bat hits you but does no damage. x2
The dart slug launches a dart at you. The slug dart hits you.
* * * LOW HITPOINT WARNING * * *
Unknown command.
You barely miss the bat. The bat hits you but does no damage. x2
Unknown command.
The bat barely misses you. The bat barely misses you.
Unknown command.
Throw: 9 darts (poison)
Press: ? - help, Q - select action, (/) - cycle Shift-Dir - straight line, f - bat
Aim: a bat (moderately wounded, 44% to hit)
You throw a poisoned dart.
The poisoned dart barely misses the bat.
The bat barely misses you. x2
Throw: 8 darts (poison)
Press: ? - help, Q - select action, (/) - cycle Shift-Dir - straight line, f/p - bat
Aim: a bat (moderately wounded, 44% to hit)
You throw a poisoned dart. The poisoned dart hits the dart slug.
The bat hits you but does no damage. The bat closely misses you.
Unknown command.
Unknown command.
Throw: 7 darts (poison)
Press: ? - help, Q - select action, (/) - cycle Shift-Dir - straight line, f/p - bat
Aim: a bat (moderately wounded, 44% to hit)
You throw a poisoned dart. The poisoned dart hits the dart slug.
The dart slug is poisoned.
The bat hits you but does no damage. The dart slug bites you.
You die...

#. # #.# #..#.# ..#
#..#.# ...###..#.##
##...........
........>.#.#####
#........b.@...#
#....#...#w###.#
#....##...b.b..#
#....#...#).w......
#......).#.##...###
#........#.# ..##
##........#.# ##
#....(....(.#
#..#.....#..#


You could see a dart slug (poisoned) and 2 bats.

Vanquished Creatures
  An endoplasm (D:1)
  2 goblins (D:1)
  A frilled lizard (D:1)
4 creatures vanquished.

Notes
Turn   | Place    | Note
-------+----------+-------------------------------------------
     0 | D:1      | Anandil the Demonspawn Brigand began the quest for the Orb.
     0 | D:1      | Reached XP level 1. HP: 16/16 MP: 1/1
    12 | D:1      | Reached skill level 1 in Dodging
    35 | D:1      | Slain by a dart slug

Illustrated notes

Levels and vault maps discovered:
D:1:      saegor_arrival_simple_a, layout_basic,
          chequers_ecumenical_altar_twisty, minmay_cupped

Skill      XL: |  1 |
---------------+----+-----
Dodging        | 1 |  1.2
Fighting       | |  2.2
Short Blades   | |  1.7
Throwing       | |  1.7
Stealth        | |  3.6

Action                   || total
-------------------------++-------
Melee: Dagger            ||    14
Throw: Dart              ||     3
Armor: Robe              ||    13
Dodge: Dodged            ||    17
